 Dungeon Crawl Stone Soup version 0.20.1-1-g8b1a95d (webtiles) character file.

62 slep the Ducker (level 3, 0/28 HPs)
             Began as a Demonspawn Gladiator on Dec 21, 2017.
             Slain by an adder (3 damage)
             ... on level 3 of the Dungeon.
             The game lasted 00:03:49 (1461 turns).

slep the Ducker (Demonspawn Gladiator)              Turns: 1461, Time: 00:03:50

Health: 0/28       AC:  4    Str: 19    XL:     3   Next: 85%
Magic:  3/3        EV: 13    Int:  9    God:
Gold:   34         SH:  0    Dex: 15    Spells: 2/2 levels left

rFire    . . .     SeeInvis .   m - +0 hand axe (elec)
rCold    . . .     Gourm    .   (no shield)
rNeg     . . .     Faith    .   b - +0 leather armour
rPois    .         Spirit   .   c - +0 helmet
rElec    .         Reflect  .   (no cloak)
rCorr    +         Harm     .   (no gloves)
MR       .....                  (no boots)
Stlth    ++........             (no amulet)
Regen    0.1/turn               j - ring of resist corrosion
MPRegen  0.1/turn               o - +5 ring of strength

@: no status effects
A: foul stench 1, rot immunity
a: no special abilities


You were on level 3 of the Dungeon.
You were not hungry.

You visited 1 branch of the dungeon, and saw 3 of its levels.

You collected 34 gold pieces.

Inventory:

Hand Weapons
 a - a +0 war axe
 m - a +0 hand axe of electrocution (weapon)
Missiles
 d - 3 throwing nets (quivered)
 e - 18 sling bullets
 n - 13 poisoned needles
Armour
 b - a +0 leather armour (worn)
 c - a +0 helmet (worn)
Jewellery
 j - a ring of resist corrosion (left hand)
 o - a +5 ring of strength (right hand)
Scrolls
 g - a scroll of identify {unknown}
 h - 2 scrolls of remove curse {unknown}
 i - 2 scrolls of enchant armour {unknown}
 p - a scroll of amnesia {unknown}
 q - a scroll of fear {unknown}
Potions
 r - a potion of might {unknown}
Comestibles
 f - 2 bread rations
 k - a meat ration
 l - a royal jelly


   Skills:
 + Level 2.3 Fighting
 + Level 3.2 Axes
 + Level 1.9 Throwing
 + Level 0.3 Armour
 + Level 3.4 Dodging
 + Level 1.0 Stealth


You had 2 spell levels left.
You didn't know any spells.

Dungeon Overview and Level Annotations

Branches:
Dungeon (3/15)

Altars:
Ashenzari
Elyvilon
Qazlal
Trog
Yredelemnul


Innate Abilities, Weirdness & Mutations

You may emit foul miasma when damaged in melee.
You are immune to rotting.


Message History

The adder is moderately wounded.
You feel sick. The adder bites you.
* * * LOW HITPOINT WARNING * * *
You closely miss the adder.
The adder is moderately wounded.
The adder bites you.
* * * LOW HITPOINT WARNING * * *
The adder misses you.
You barely miss the adder.
The adder is moderately wounded.
The adder bites you but does no damage.
You hit the adder.
The adder is severely wounded.
You feel sick.
You are no longer poisoned.
The adder barely misses you. The adder misses you.
You closely miss the adder.
The adder is severely wounded.
The adder bites you.
You die...

#........ #####
#........ #...#
#........ #...#
#........ #...#
########. #...#
##########.
#######...####..........
#............†######....
#...$.S@.....## ##...
#......$....## ##..
#..........## ##.
##########.# #. #.# #.
#.# . #.# .#


You could see an adder.

Vanquished Creatures
  2 adders
  A worm (D:3)
  3 dart slugs
  2 leopard geckos
  An orc (D:3)
  3 bats
  A giant cockroach (D:2)
  5 goblins
  6 hobgoblins
  2 kobolds (D:2)
  A quokka (D:3)
  A frilled lizard (D:2)
  2 rats
30 creatures vanquished.

Notes
Turn   | Place    | Note
-------+----------+-------------------------------------------
     0 | D:1      | slep the Demonspawn Gladiator began the quest for the Orb.
     0 | D:1      | Reached XP level 1. HP: 16/16 MP: 1/1
   233 | D:1      | Gained mutation: You are immune to rotting. [demonic ancestry]
   233 | D:1      | Reached XP level 2. HP: 21/22 MP: 2/2
   774 | D:2      | Gained mutation: You may emit foul miasma when damaged in melee. [demonic ancestry]
   774 | D:2      | Reached XP level 3. HP: 22/27 MP: 3/3
   868 | D:2      | Found a white marble altar of Elyvilon.
   930 | D:2      | Found a shattered altar of Ashenzari.
  1040 | D:2      | Found a stormy altar of Qazlal.
  1177 | D:2      | Found a bloodstained altar of Trog.
  1300 | D:2      | Found a basalt altar of Yredelemnul.
  1444 | D:3      | Reached skill level 1 in Stealth
  1461 | D:3      | Slain by an adder

Skill      XL: |  1  2  3 |
---------------+----------+-----
Dodging        | 3 |  3.4
Axes           | 3 |  3.2
Stealth        | 1 |  1.0
Fighting       | |  2.3
Throwing       | |  1.9
Armour         | |  0.3

Action                   || total
-------------------------++-------
Melee: War axe           ||    35
       Hand axe          ||    56
 Stab: Sleeping          ||     3
  Eat: Chunk             ||     2
Armor: Leather armour    ||    20
Dodge: Dodged            ||    61
